 Dungeon Crawl Stone Soup version 0.30-a0-459-g9104f0fc43 (webtiles) character file.

Game seed: 1342538231058426047

8243 funkygono the Thaumaturge (level 11, -10/72 HPs)
             Began as a Demonspawn Fire Elementalist on Dec 15, 2022.
             Was a Priest of Vehumet.
             Killed from afar by a steam dragon (20 damage)
             ... with a ball of steam
             ... on level 10 of the Dungeon.
             The game lasted 00:22:34 (10771 turns).

funkygono the Thaumaturge (DsFE)                   Turns: 10771, Time: 00:22:35

Health: -10/72     AC: 10    Str: 10    XL:     11   Next: 7%
Magic:  27/34      EV: 16    Int: 20    God:    Vehumet [***...]
Gold:   616        SH:  0    Dex: 13    Spells: 14/30 levels left

rFire   . . .      SeeInvis .    h - +4 whip (elec)
rCold   . . .      Faith    .    (no shield)
rNeg    . . .      Spirit   .    L - +2 robe {Will+}
rPois   .          Reflect  .    (helmet unavailable)
rElec   .          Harm     .    n - +2 cloak
rCorr   .          Rampage  .    K - +0 pair of gloves
Will    ++...                    y - +1 pair of boots
Stlth   ++........               G - amulet of regeneration
HPRegen 3.12/turn                l - ring of willpower
MPRegen 0.24/turn                q - ring of magical power

@: lethally poisoned (-10 -> -11), slowed, studying Short Blades, very slow
A: horns 3, repulsion field 2, powered by death 1, spiny 1
a: Renounce Religion


You were on level 10 of the Dungeon.
You worshipped Vehumet.
Vehumet was most pleased with you.
You visited 2 branches of the dungeon, and saw 11 of its levels.
You also visited: Sewer.

You collected 616 gold pieces.

Inventory:

Hand Weapons
 g - a +0 whip of protection
 h - a +4 whip of electrocution (weapon)
 i - a +2 falchion of protection
 o - a +0 falchion
 F - a +1 flail of protection
 J - a +2 whip of flaming
Armour
 d - a +1 robe of fire resistance
 n - a +2 cloak (worn)
 p - a +2 ring mail of cold resistance
 y - a +1 pair of boots (worn)
 D - a +0 leather armour of fire resistance
 I - a scarf of harm
 K - a +0 pair of gloves (worn)
 L - a +2 robe of willpower (worn)
Magical Staves
 C - a staff of death
 N - a staff of fire
Jewellery
 l - a ring of willpower (left hand)
 q - a ring of magical power (right hand)
 A - an amulet of faith
 G - an amulet of regeneration (around neck)
Wands
 B - a wand of flame (16)
 H - a wand of polymorph (7)
Scrolls
 a - a scroll of magic mapping
 b - a scroll of immolation
 c - 8 scrolls of teleportation
 e - 2 scrolls of fog
 j - 3 scrolls of poison
 k - 3 scrolls of vulnerability
 E - 3 scrolls of identify
Potions
 f - 3 potions of resistance
 m - 7 potions of mutation
 r - 3 potions of curing
 s - a potion of brilliance
 t - 3 potions of haste
 u - 2 potions of attraction
 v - 2 potions of magic
 w - 7 potions of flight
 x - a potion of lignification
 z - 4 potions of heal wounds


   Skills:
 + Level 2.0 Fighting
 + Level 1.8 Maces & Flails
 + Level 3.3 Dodging
 - Level 1.7 Stealth
 + Level 10.3 Spellcasting
 + Level 7.4 Conjurations
 + Level 9.6 Fire Magic
 + Level 0.3 Air Magic


You had 14 spell levels left.
You knew the following spells:

 Your Spells              Type           Power      Damage    Failure   Level
a - Foxfire               Conj/Fire      100%       2x1d9     1%          1
b - Scorch                Fire           96%        2d9       1%          2
c - Kindle Blastsparks    Fire/Tloc/Air  46%        2d13      1%          3
d - Flame Wave            Conj/Fire      44%        2d11      1%          4
e - Blink                 Tloc           20%        N/A       10%         2
f - Sandblast             Erth           20%        2d7       1%          1
g - Stone Arrow           Conj/Erth      50%        3d10      1%          3

Your spell library contained the following spells:

 Spells                   Type           Power      Damage    Failure   Level
 Magic Dart               Conj           100%       1d8       1%          1
 Momentum Strike          Conj/Tloc      50%        3d9       1%          2
 Dazzling Flash           Conj/Hex       50%        N/A       1%          3
 Ignite Poison            Fire/Tmut/Pois 23%        N/A       1%          3
 Inner Flame              Hex/Fire       29%        N/A       1%          3
 Mephitic Cloud           Conj/Pois/Air  20%        N/A       1%          3
 Sticky Flame             Conj/Fire      44%        2d6       1%          4
 Poisonous Vapours        Pois/Air       20%        N/A       2%          2
 Iskenderun's Mystic Bla  Conj/Tloc      25%        2d7       4%          4
 Slow                     Hex            40%        N/A       7%          1
 Starburst                Conj/Fire      22%        6d7       9%          6
 Cigotuvi's Dreadful Rot  Necr/Pois/Air  20%        N/A       10%         2
 Call Imp                 Summ           10%        N/A       11%         2
 Ensorcelled Hibernation  Hex/Ice        20%        N/A       11%         2
 Sublimation of Blood     Necr           10%        N/A       11%         2
 Wereblood                Tmut           10%        N/A       11%         2
 Confusing Touch          Hex            10%        N/A       21%         3
 Gell's Gravitas          Tloc           10%        N/A       21%         3
 Lesser Beckoning         Tloc           20%        N/A       21%         3
 Portal Projectile        Hex/Tloc       20%        N/A       21%         3
 Spider Form              Tmut/Pois      10%        N/A       21%         3
 Teleport Other           Tloc           10%        N/A       21%         3
 Tukima's Dance           Hex            10%        N/A       21%         3
 Vampiric Draining        Necr           10%        2d6       21%         3
 Anguish                  Hex/Necr       5%         N/A       56%         4
 Petrify                  Tmut/Erth      10%        N/A       56%         4
 Alistair's Intoxication  Tmut/Pois      6%         N/A       88%         5
 Blade Hands              Tmut           5%         N/A       88%         5
 Borgnjor's Vile Clutch   Necr/Erth      5%         N/A       88%         5
 Metabolic Englaciation   Hex/Ice        5%         N/A       88%         5
 Ignition                 Fire           24%        3d8       88%         8
 Eringya's Noxious Bog    Tmut/Pois      5%         N/A       92%         6
 Statue Form              Tmut/Erth      6%         N/A       100%        6
 Summon Hydra             Summ           5%         N/A       100%        7


Dungeon Overview and Level Annotations

Branches:
Dungeon (10/15)            Temple (1/1) D:6            Lair (0/5) D:9
  Sewer (visited)
    Orc: D:9-12

Altars:
Ashenzari
Cheibriados
Dithmenos
Fedhas
Gozag
Hepliaklqana
Kikubaaqudgha
Makhleb
Nemelex Xobeh
Okawaru
Qazlal
Ru
Sif Muna
Trog
Uskayaw
Vehumet
Wu Jian
Xom
Yredelemnul

Annotations:
D:10 Amaemon, Maggie


Innate Abilities, Weirdness & Mutations

You have a pair of large horns on your head.
You are surrounded by a moderate repulsion field. (EV +3)
You regenerate a little health from kills.
You are partially covered in sharp spines.


Message History

The troll is struck by your spines. The troll bites you but does no damage.
The troll closely misses you. The troll barely misses you.
Casting: Flame Wave (mildly dangerous; 1% risk of failure)
Confirm with . or Enter, or press ? or * to list all spells.
Casting: Flame Wave (mildly dangerous; 1% risk of failure)
Press: ? - help, Dir - look around, f - activate A wave of flame ripples out!
The flame wave engulfs the troll.
You kill the troll!
Vehumet accepts your kill. (Press . to intensify the flame waves.)
The steam dragon hisses angrily.
The gnoll sergeant misses you.
Maggie gives herself a magical halo, but it quickly sputters out.
Maggie closely misses you. The orange demon stings you from afar.
* * * LOW HITPOINT WARNING * * *
You are poisoned.
You have difficulty breathing.
* * * LOW HITPOINT WARNING * * *
You feel as though you will be slow longer.
Amaemon gestures wildly while chanting.
The gnoll sergeant barely misses you.
Amaemon mumbles some strange words.
The orange demon closely misses you.
Maggie mumbles some strange words.
Maggie attempts to bespell you! You resist with almost no effort.
A wave of flame ripples out!
The flame wave engulfs the steam dragon!
The steam dragon is heavily wounded.
The flame wave engulfs the orange demon.
The orange demon is heavily wounded.
The flame wave engulfs Maggie!
Maggie is heavily wounded.
The flame wave engulfs the gnoll sergeant!!
You kill the gnoll sergeant!
Vehumet accepts your kill.
You feel your power returning.
You feel very sick. The steam dragon breathes steam at you.
The ball of steam hits you!!
You die...

#... #.$. #...
###... .....
##...
###...D######.#
.......@.))....
###.#.?).@.####
.s..4#)#)#
..s....KK.)..
.>.6s..#.#.#...
..s.....)... ..
.......##.#.. .
....... .....


You could see Amaemon, Maggie, an orange demon (curare), a steam dragon
(catching breath), a kobold brigand, 4 scorpions and a kobold.

Vanquished Creatures
  Erolcha (D:9)
  2 two-headed ogres
  2 trolls
  A hornet (D:9)
  A shadow (D:9)
  Eustachio (D:6)
  A wyvern (D:9)
  6 yaks (D:9)
  Menkaure (D:6)
  A water moccasin (D:5)
  3 sky beasts
  3 ogres
  An orc warrior (D:7)
  2 centaurs
  4 wolves (D:9)
  A phantom (D:6)
  4 kobold brigands
  4 bullfrogs
  A scorpion (D:6)
  5 gnoll sergeants
  4 wights (D:8)
  6 killer bees
  3 howler monkeys (D:7)
  An electric eel (D:9)
  8 hounds
  8 orc priests
  4 iguanas
  17 orc wizards
  22 gnolls
  16 adders
  7 river rats
  2 shadow imps (D:6)
  2 white imps
  7 worms
  5 dart slugs
  56 orcs
  11 endoplasms
  7 giant cockroaches
  7 hobgoblins
  8 jackals
  36 kobolds
  4 quokkas
  17 ball pythons
  10 bats
  9 frilled lizards
  16 goblins
  7 rats
345 creatures vanquished.

Vanquished Creatures (collateral kills)
  A foxfire (D:5)
1 creature vanquished.

Vanquished Creatures (others)
  880 foxfires
  4 plants (D:5)
884 creatures vanquished.

Grand Total: 1230 creatures vanquished

Notes
Turn   | Place    | Note
-------+----------+-------------------------------------------
     0 | D:1      | funkygono the Demonspawn Fire Elementalist began the quest
                  | for the Orb.
     0 | D:1      | Reached XP level 1. HP: 13/13 MP: 3/3
   266 | D:1      | Gained mutation: You regenerate a little health from kills.
                  | [demonic ancestry]
   266 | D:1      | Reached XP level 2. HP: 19/19 MP: 3/5
   269 | D:1      | Learned a level 2 spell: Scorch
   395 | D:1      | Found a faded altar of an unknown god.
   645 | D:1      | Reached XP level 3. HP: 24/24 MP: 2/6
  1073 | D:2      | Learned a level 3 spell: Kindle Blastsparks
  1119 | D:2      | Found a stormy altar of Qazlal.
  1489 | D:2      | Gained mutation: You are surrounded by a mild repulsion
                  | field. (EV +2) [demonic ancestry]
  1489 | D:2      | Reached XP level 4. HP: 30/30 MP: 3/7
  2094 | D:3      | Reached skill level 3 in Spellcasting
  2094 | D:3      | Gained mutation: You have a pair of small horns on your
                  | head. [demonic ancestry]
  2094 | D:3      | Reached XP level 5. HP: 31/35 MP: 2/9
  2100 | D:3      | Learned a level 4 spell: Flame Wave
  3196 | D:4      | Noticed an ogre
  3210 | D:4      | Killed an ogre
  3211 | D:4      | Reached skill level 4 in Spellcasting
  3211 | D:4      | Reached XP level 6. HP: 14/41 MP: 4/12
  3420 | D:4      | Reached skill level 1 in Maces & Flails
  4310 | D:5      | Entered Level 5 of the Dungeon
  4490 | D:5      | Gained mutation: You have a pair of horns on your head.
                  | [demonic ancestry]
  4490 | D:5      | Reached XP level 7. HP: 47/47 MP: 13/13
  4670 | D:5      | Reached skill level 5 in Spellcasting
  4722 | D:5      | Reached skill level 5 in Fire Magic
  4762 | D:5      | Found a glowing drain.
  4770 | Sewer    | Entered a sewer
  5427 | Sewer    | Gained mutation: You are surrounded by a moderate repulsion
                  | field. (EV +3) [demonic ancestry]
  5427 | Sewer    | Reached XP level 8. HP: 53/53 MP: 16/16
  6190 | D:5      | Learned a level 2 spell: Blink
  6199 | D:6      | Noticed Eustachio
  6222 | D:6      | Killed Eustachio
  6223 | D:6      | Reached skill level 6 in Spellcasting
  6337 | D:6      | Found a staircase to the Ecumenical Temple.
  6347 | Temple   | Entered the Ecumenical Temple
  6347 | Temple   | Found a transporter.
  6347 | Temple   | Found a transporter.
  6349 | Temple   | Found a transporter.
  6349 | Temple   | Found a transporter.
  6366 | Temple   | Became a worshipper of Vehumet
  7321 | D:6      | Reached skill level 7 in Spellcasting
  7432 | D:6      | Reached XP level 9. HP: 58/58 MP: 19/19
  7472 | D:6      | Noticed Menkaure
  7476 | D:6      | Killed Menkaure
  7701 | D:6      | Reached skill level 5 in Conjurations
  8051 | D:7      | Reached * piety under Vehumet
  8051 | D:7      | Offered knowledge of Sandblast by Vehumet.
  8054 | D:7      | Learned a level 1 spell: Sandblast
  8438 | D:7      | Reached skill level 8 in Spellcasting
  8443 | D:7      | Reached skill level 1 in Fighting
  8751 | D:7      | Found a runed translucent door.
  8900 | D:7      | Offered knowledge of Static Discharge by Vehumet.
  8900 | D:7      | Reached ** piety under Vehumet
  9209 | D:8      | Found an ancient bone altar of Kikubaaqudgha.
  9250 | D:8      | Found an ornate altar of the Wu Jian Council.
  9344 | D:8      | Noticed a two-headed ogre
  9351 | D:8      | Killed a two-headed ogre
  9352 | D:8      | Gained mutation: You have a pair of large horns on your
                  | head. [demonic ancestry]
  9352 | D:8      | Reached XP level 10. HP: 65/65 MP: 22/22
  9408 | D:8      | Reached skill level 9 in Spellcasting
  9852 | D:9      | Offered knowledge of Searing Ray by Vehumet.
  9863 | D:9      | Noticed a two-headed ogre
  9868 | D:9      | Killed a two-headed ogre
  9999 | D:9      | Reached *** piety under Vehumet
 10110 | D:9      | Found a staircase to the Lair.
 10178 | D:9      | Reached skill level 10 in Spellcasting
 10252 | D:9      | Offered knowledge of Stone Arrow by Vehumet.
 10264 | D:9      | Noticed Erolcha
 10270 | D:9      | Killed Erolcha
 10444 | D:9      | Gained mutation: You are partially covered in sharp spines.
                  | [demonic ancestry]
 10444 | D:9      | Reached XP level 11. HP: 72/72 MP: 25/25
 10713 | D:9      | Learned a level 3 spell: Stone Arrow
 10726 | D:10     | Entered Level 10 of the Dungeon
 10732 | D:10     | Noticed Amaemon
 10738 | D:10     | Noticed Maggie
 10771 | D:10     | Killed from afar by a steam dragon

Illustrated notes

Levels and vault maps discovered:
D:1:      lemuel_arrival_tunnels, layout_basic,
          shapermc_ecumenical_altar_acropolis
D:2:      layout_rooms, basic_altar, serial_bayou_pond_e
D:3:      layout_basic, minmay_quadrilaterals
D:4:      layout_loops_ring
D:5:      layout_cave_pools, lightli_sewer_entry_pipes, serial_bayou_lake_a
D:6:      layout_basic, minmay_temple_entry_stoned_glass, serial_park_tiny_pond,
          interstate_on_off, sigmund_army, uniq_menkaure, uniq_eustachio
D:7:      layout_basic, lightli_church_of_beogh
D:8:      layout_basic, elyvilon_altar_5, jmf_multi_god_temple
D:9:      layout_small_grid, erik_lair_island, uniq_erolcha
D:10:     layout_rooms, minmay_misc_feat_square, minmay_misc_feat_rugged,
          glass_columns_a, uniq_amaemon, uniq_maggie
Temple:   hellmonk_temple_divided_pantheon

Skill      XL: |  1  2  3  4  5  6  7  8  9 10 |
---------------+-------------------------------+-----
Dodging        | 2 3 |  3.3
Fire Magic     | 3 4 5 6 8 9 |  9.6
Conjurations   | 2 3 4 5 7 |  7.4
Spellcasting   | 3 4 5 7 8 10 | 10.3
Maces & Flails | 1 |  1.8
Fighting       | 1 2 |  2.0
Stealth        | |  1.7
Air Magic      | |  0.3

Action                   |  1- 3 |  4- 6 |  7- 9 | 10-12 || total
-------------------------+-------+-------+-------+-------++-------
Melee: Mace              |     6 |       |       |       ||     6
       Whip              |     7 |    43 |    42 |     3 ||    95
       Headbutt          |       |     7 |     6 |       ||    13
       Punch             |       |     1 |       |     1 ||     2
 Cast: Foxfire           |    74 |   102 |   237 |    95 ||   508
       Scorch            |     2 |    28 |    74 |    21 ||   125
       Kindle Blastspark |       |       |     2 |       ||     2
       Flame Wave        |       |       |     7 |    11 ||    18
  Use: Potion            |       |     1 |       |       ||     1
       Scroll            |       |       |    20 |     2 ||    22
Armor: Robe              |     5 |     8 |    34 |    21 ||    68
Dodge: Dodged            |    17 |    39 |    93 |    43 ||   192

Table legend: (Time is in decaauts)
 A = Elapsed time spent in this place.
 B = Non-inter-level travel time spent in this place.
 C = Inter-level travel time spent in this place.
 D = Time resting spent in this place.
 E = Time spent auto-exploring this place.
 F = Levels seen in this place.
 G = Mean time per level.
                   A        B        C        D        E       F      G
               +--------+--------+--------+--------+--------+-----+--------+
         Total |  10996 |  10820 |    176 |    319 |   8544 |  12 |  916.3 |
       Dungeon |   9902 |   9726 |    176 |    319 |   7629 |  10 |  990.2 |
        Temple |     42 |     42 |      0 |      0 |      6 |   1 |   42.0 |
         Sewer |   1050 |   1050 |      0 |      0 |    908 |   1 | 1050.0 |
               +--------+--------+--------+--------+--------+-----+--------+

Top non-repeatable levels by time:
     D:6: 1614 daAuts
     D:4: 1353 daAuts
     D:7: 1271 daAuts
   Sewer: 1050 daAuts
     D:3: 1047 daAuts
     D:5: 1045 daAuts
     D:1: 1021 daAuts
     D:9: 908 daAuts
     D:2: 892 daAuts
     D:8: 727 daAuts
  Temple: 42 daAuts
    D:10: 20 daAuts
